 Dungeon Crawl Stone Soup version 0.17.1-1-g73c8601 (webtiles) character file.

134 seren the Chiller (level 5, 35/35 HPs)
             Began as a Human Ice Elementalist on Dec 30, 2015.
             Was an Initiate of Qazlal.
             Quit the game on level 3 of the Dungeon on Dec 31, 2015.
             The game lasted 01:01:16 (3241 turns).

seren the Chiller (Human Ice Elementalist)          Turns: 3241, Time: 01:01:16

Health: 35/35      AC:  7    Str:  8    XL:     5   Next: 40%
Magic:  9/9        EV: 12    Int: 17    God:    Qazlal [......]
Gold:   108        SH:  0    Dex: 13    Spells: 2 memorised, 6 levels left

rFire  . . .     SeeInvis .     f - -1 short sword
rCold  . . .     Clarity  .     t - +0 leather armour
rNeg   . . .     SustAt   .     (no shield)
rPois  .         Gourm    .     c - +0 hat
rElec  .         Spirit   .     w - +0 cloak
rCorr  .         Warding  .     (no gloves)
rMut   .         Stasis   .     y - +2 pair of boots
MR     .....                    (no amulet)
Stlth  ++........               (no ring)
                                (no ring)

@: not resistant to hostile enchantments, unstealthy
A: no striking features
a: Renounce Religion


You were on level 3 of the Dungeon.
You worshipped Qazlal.
Qazlal was noncommittal.
You were not hungry.

You visited 1 branch of the dungeon, and saw 4 of its levels.

You collected 108 gold pieces.

Inventory:

Hand Weapons
 e - a +0 hand axe
 f - a -1 short sword (weapon)
 j - a +0 dagger
 q - a +0 club
 s - a +0 mace
 u - a +0 club
 v - a +0 hunting sling
 x - a +0 dagger
 F - a +0 dagger
Missiles
 l - 8 tomahawks (quivered)
 o - 2 throwing nets
 J - 2 sling bullets of frost
Armour
 a - a +1 robe
 c - a +0 hat (worn)
 g - a +0 robe
 t - a +0 leather armour (worn)
 w - a +0 cloak (worn)
 y - a +2 pair of boots (worn)
 B - a +0 robe
 L - a +0 pair of boots
Wands
 h - a wand of invisibility (9)
Potions
 d - a potion of cancellation {unknown}
 k - a potion of heal wounds
 m - a potion of brilliance
 r - a potion of might {unknown}
 z - a potion of cure mutation {unknown}
 A - a potion of lignification
 C - a potion of haste
Books
 b - a book of Frost

   Spells                             Type                      Level
   a - Freeze                         Ice                          1
   b - Throw Frost                    Conjuration/Ice              2
   c - Ozocubu's Armour               Charms/Ice                   3
   d - Throw Icicle                   Conjuration/Ice              4
   e - Summon Ice Beast               Ice/Summoning                4
   f - Condensation Shield            Ice                          4
Comestibles
 D - 3 bread rations
 E - 4 chunks of flesh


   Skills:
 - Level 0.6 Throwing
 - Level 1.4 Armour
 + Level 3.4 Dodging
 + Level 2.0 Stealth
 + Level 2.6 Spellcasting
 - Level 1.6 Conjurations
 + Level 3.6 Ice Magic


You had 6 spell levels left.
You knew the following spells:

 Your Spells              Type           Power        Failure   Level  Hunger
a - Freeze                Ice            ##..         8%          1    #......
b - Throw Frost           Conj/Ice       ##....       14%         2    ##.....


Dungeon Overview and Level Annotations

Branches:
Dungeon (4/15)
 Temple: D:4-7

Altars:
Elyvilon
Okawaru
Qazlal
Ru
Yredelemnul

Annotations:
D:3 Robin


Message History

There is a stone staircase leading down here.
Saving game... please wait.
Level annotation: Robin Welcome back, seren the Human Ice Elementalist.
Qazlal says: Let the forces of nature tear it all down!
Press ? for a list of commands and other information.
Level annotation: Robin Welcome back, seren the Human Ice Elementalist.
Qazlal says: Let the forces of nature tear it all down!
Press ? for a list of commands and other information.
Search for what [? for help]? rPois Can't find anything matching that.
Search for what [Enter for "rPois", or ? for help]? altar You are alive.
Your movement speed is average.
Your attack speed is below average.
You are not resistant to hostile enchantments.
You are unstealthy.
Some of the chunks of flesh in your inventory have rotted away.
A goblin comes into view.
Are you sure you want to abandon this character and quit the game? (Confirm with "yes".)

......# ###.### ###.#.#
#.# ......# #.#
.>....#####.#
.#..........##### ######
).....####......# #.....
..##.## #.####.##
#####.#### ..##.#
#.#.....#######...#.####
..<..#
#.#.##.@...............#
...###
#.....<########...#)##.#
...# ###.##...#
#####..... ..)# #.##...#
#.#### ...# #)##g..####
#.# ...# ##..g......####
#.#
...######*#..g.g........#
#.#
.........*#.............#
#.#
.[.......,#.##..........#
#.#


You could see Robin (wandering), a hobgoblin and a goblin.

Vanquished Creatures
  4 adders
  2 oozes
  5 orcs
  3 giant cockroaches (D:1)
  6 goblins
  10 hobgoblins
  7 jackals
  A quokka (D:2)
  14 bats
  4 giant geckos
  6 giant newts
  10 kobolds
  9 rats
81 creatures vanquished.

Notes
Turn   | Place    | Note
--------------------------------------------------------------
     0 | D:1      | seren the Human Ice Elementalist began the quest for the Orb.
     0 | D:1      | Reached XP level 1. HP: 13/13 MP: 3/3
    69 | D:1      | Reached XP level 2. HP: 2/19 MP: 0/5
   634 | D:1      | Reached XP level 3. HP: 13/24 MP: 6/6
  1100 | D:1      | Learned a level 2 spell: Throw Frost
  1421 | D:2      | Reached XP level 4. HP: 30/30 MP: 3/7
  1722 | D:2      | Reached skill level 1 in Armour
  2310 | D:2      | Reached XP level 5. HP: 25/35 MP: 0/8
  2611 | D:2      | Found a sacrificial altar of Ru.
  2757 | D:3      | Noticed Robin
  2837 | D:3      | Found an iron altar of Okawaru.
  2851 | D:3      | Found a basalt altar of Yredelemnul.
  2854 | D:3      | Found a white marble altar of Elyvilon.
  2857 | D:3      | Found a stormy altar of Qazlal.
  2939 | D:3      | Became a worshipper of Qazlal Stormbringer
  3241 | D:3      | Quit the game

Action                   |  1- 3 |  4- 6 || total
-------------------------+-------+-------++-------
Melee: Unarmed           |    11 |       ||    11
       Whip              |    70 |       ||    70
       Dagger            |    27 |     9 ||    36
       Short sword       |       |   139 ||   139
Throw: Stone             |    10 |       ||    10
       Tomahawk          |     4 |     5 ||     9
 Cast: Freeze            |    20 |    25 ||    45
       Throw Frost       |     1 |    17 ||    18
  Use: Potion            |     3 |     4 ||     7
       Scroll            |     4 |     8 ||    12
 Stab: Sleeping          |       |     3 ||     3
  Eat: Bread ration      |     1 |       ||     1
       Chunk             |       |     5 ||     5
